 Dungeon Crawl Stone Soup version 0.25-a0-860-gf695395b5c (webtiles) character file.

Game seed: 2593402877854002985, levelgen mode: deterministic

63 unvid the Firebug (level 3, -7/24 HPs)
             Began as a Mummy Fire Elementalist on Apr 28, 2020.
             Mangled by a killer bee (9 damage)
             ... on level 3 of the Dungeon.
             The game lasted 00:05:00 (2139 turns).

unvid the Firebug (Mummy Fire Elementalist)         Turns: 2139, Time: 00:05:01

Health: -7/24      AC:  2    Str: 11    XL:     3   Next: 87%
Magic:  1/7        EV: 12    Int: 15    God:
Gold:   98         SH:  0    Dex: 12    Spells: 0/7 levels left

rFire    x . .     SeeInvis +   a - +3 dagger (protect)
rCold    + . .     Gourm    .   (no shield)
rNeg     + + +     Faith    .   j - +0 robe
rPois    ∞         Spirit   .   (no helmet)
rElec    .         Reflect  .   b - scarf {cloud immunity}
rCorr    .         Harm     .   (no gloves)
MR       .....                  (no boots)
Stlth    ++........             (no amulet)
HPRegen  0.08/turn              l - ring of see invisible
MPRegen  0.10/turn              (no ring)

@: very slightly contaminated
A: no food or potions, fire vulnerability, cold resistance 1, negative energy
resistance 3, torment resistance, unbreathing
a: no special abilities


You were on level 3 of the Dungeon.
You were not hungry.

You visited 1 branch of the dungeon, and saw 3 of its levels.

You collected 98 gold pieces.

Inventory:

Hand Weapons
 a - a +3 dagger of protection (weapon)
Armour
 b - a scarf of cloud immunity (worn)
 c - a +0 cloak
 e - a scarf of repulsion
 j - a +0 robe (worn)
Jewellery
 l - a ring of see invisible (left hand)
Scrolls
 d - a scroll of random uselessness {unknown}
 f - a scroll of enchant weapon
 h - a scroll of noise {unknown}
 i - a scroll of identify


   Skills:
 - Level 1.5 Dodging
 - Level 1.5 Stealth
 - Level 2.6 Spellcasting
 - Level 0.7 Conjurations
 * Level 4.0 Fire Magic


You couldn't memorise any spells.
You knew the following spells:

 Your Spells              Type           Power        Failure   Level  Hunger
a - Foxfire               Conj/Fire      #...         8%          1    N/A
b - Conjure Flame         Conj/Fire      #.......     24%         3    N/A
c - Inner Flame           Hex/Fire       #.......     26%         3    N/A

Your spell library contained the following spells:

 Spells                   Type           Power        Failure   Level  Hunger
 Sticky Flame             Conj/Fire      #.......     61%         4    N/A
 Fireball                 Conj/Fire      #.........   91%         5    N/A

Dungeon Overview and Level Annotations

Branches:
Dungeon (3/15)

Altars:


Innate Abilities, Weirdness & Mutations

You do not eat or drink.
Your flesh is vulnerable to fire.
You are immune to poison.
Your flesh is cold resistant. (rC+)
You are immune to negative energy. (rN+++)
You are immune to unholy pain and torment.
You can survive without breathing.


Message History

A killer bee comes into view.
The killer bee stings you but does no damage.
You smother the flame.
Unknown command.
You closely miss the killer bee.
The killer bee buzzes angrily.
The killer bee stings you.
* * * LOW HITPOINT WARNING * * *
The killer bee barely misses you.
Unknown command.
Casting: Conjure Flame (dangerous; 24% risk of failure)
Confirm with . or Enter, or press ? or * to list all spells.
Okay, then.
A killer bee comes into view.
The killer bee completely misses you.
You closely miss the killer bee. The killer bee barely misses you. x2
As you read the scroll labeled WYOLYPT KAILUCEL, it crumbles to dust.
The scroll dissolves into smoke.
It was a scroll of fog.
The killer bee stings you!
You die... g.....# .. ... .# .%. <# ># #.# .# .# #.# .# ##### .###%##.# $Sy

...y....# #y#
.###g##.# # #y#
.g......######§#@#
..............§y§#
.........#####§###
......)..# #.
#.....†.## #
......).#
#.....<.#
#######.#
#........


You could see 3 killer bees.

Vanquished Creatures
  An ooze (D:1)
  A worm (D:2)
  2 dart slugs
  2 leopard geckos (D:1)
  3 ball pythons
  2 giant cockroaches
  6 hobgoblins
  6 jackals (D:2)
  3 kobolds
  A quokka (D:2)
  6 bats
  5 frilled lizards (D:1)
  3 goblins
  7 rats
48 creatures vanquished.

Vanquished Creatures (others)
  67 foxfires
67 creatures vanquished.

Grand Total: 115 creatures vanquished

Notes
Turn   | Place    | Note
-------+----------+-------------------------------------------
     0 | D:1      | unvid the Mummy Fire Elementalist began the quest for the
                  | Orb.
     0 | D:1      | Reached XP level 1. HP: 13/13 MP: 4/4
   193 | D:1      | Reached skill level 3 in Fire Magic
   193 | D:1      | Reached XP level 2. HP: 12/19 MP: 3/5
   779 | D:1      | Reached XP level 3. HP: 12/24 MP: 1/7
   929 | D:1      | Learned a level 3 spell: Conjure Flame
   933 | D:1      | Learned a level 3 spell: Inner Flame
  1935 | D:3      | Reached skill level 4 in Fire Magic
  1969 | D:3      | Noticed a killer bee
  2132 | D:3      | Noticed a killer bee
  2135 | D:3      | Noticed a killer bee
  2137 | D:3      | Noticed a killer bee
  2139 | D:3      | Mangled by a killer bee

Levels and vault maps discovered:
D:1:      dpeg_arrival_central, layout_loops_ring
D:2:      layout_basic
D:3:      layout_loops_ring, first_ration, uniq_purgy

Skill      XL: |  1  2  3 |
---------------+----------+-----
Fire Magic     | 3 4 |  4.0
Dodging        | |  1.5
Stealth        | |  1.5
Spellcasting   | |  2.6
Conjurations   | |  0.7

Action                   || total
-------------------------++-------
Melee: Dagger            ||   129
       Unarmed           ||     2
 Cast: Foxfire           ||    38
       Conjure Flame     ||     2
  Use: Scroll            ||     4
 Stab: Sleeping          ||     3
Armor: Robe              ||    42
Dodge: Dodged            ||   144

Table legend:
 A = Non-vault XP
 B = Vault XP
 C = Vault XP percentage of total XP
 D = Non-vault monster count
 E = Vault monster count
 F = Vault count percentage of total count
                 A         B        C        D         E       F
            +---------+---------+-------+---------+---------+-------
      Total |      90 |       0 |   0.0 |      48 |       0 |   0.0
            +---------+---------+-------+---------+---------+-------
        D:1 |      42 |       0 |   0.0 |      23 |       0 |   0.0
        D:2 |      42 |       0 |   0.0 |      21 |       0 |   0.0
        D:3 |       6 |       0 |   0.0 |       4 |       0 |   0.0
            +---------+---------+-------+---------+---------+-------
